 Dungeon Crawl Stone Soup version 0.31-a0-8-gd14b0f4ee2 (webtiles) character file.

Game seed: 4334874688440648699

7982 Gargoyl the Cleaver (level 11, -6/68 HPs)
             Began as a Gargoyle Berserker on May 7, 2023.
             Was a Priest of Trog.
             Killed from afar by an acid dragon (15 damage)
             ... with a splash of acid
             ... on level 9 of the Dungeon.
             The game lasted 00:12:17 (7704 turns).

Gargoyl the Cleaver (Gargoyle Berserker)            Turns: 7704, Time: 00:12:17

Health: -6/68      AC: 12    Str: 20      XL:     11   Next: 23%
Magic:  11/11      EV:  7    Int:  9      God:    Trog [***...]
Gold:   612        SH:  0    Dex: 11 (13) Spells: 10/10 levels left

rFire   . . .        n - +3 hand axe (freeze)
rCold   . . .        u - +0 buckler
rNeg    + . .        s - +0 plate armour
rPois   ∞            (no helmet)
rElec   +            E - +0 cloak
rCorr   .            j - +0 pair of gloves
SInv    .            p - +2 pair of boots
Will    .....        (no amulet) Stlth
                     w - +4 ring of protection
HPRegen 0.31/turn    (no ring)
MPRegen 0.12/turn

%: no passive effects
@: confused, brilliant, ambrosia-drunk, corroded, on berserk cooldown, slowed,
very slow
A: sickness immunity, AC +8, negative energy resistance 1, electricity
resistance, torment resistance 1, petrification resistance
a: Renounce Religion, Berserk, Trog's Hand


You were on level 9 of the Dungeon.
You worshipped Trog.
Trog was most pleased with you.
You visited 1 branch of the dungeon, and saw 9 of its levels.

You collected 612 gold pieces.

Inventory:

Hand Weapons
 n - a +3 hand axe of freezing (weapon)
 x - a +5 scimitar
 A - the +1 dire flail of Tension {drain, rPois rF+ Will+ Str+2}
   (You took it off a two-headed ogre on level 6 of the Dungeon)

   Str:       It affects your strength (+2).
   rF:        It protects you from fire.
   rPois:     It protects you from poison.
   Will:      It increases your willpower.
Missiles
 c - 15 poisoned darts (quivered)
Armour
 j - a +0 pair of gloves (worn)
 p - a +2 pair of boots (worn)
 s - a +0 plate armour (worn)
 u - a +0 buckler (worn)
 E - a +0 cloak (worn)
Jewellery
 w - a +4 ring of protection (left hand)
Wands
 f - a wand of flame (26)
 m - a wand of digging (6)
 r - a wand of iceblast (6)
 D - a wand of mindburst (10)
Scrolls
 i - 5 scrolls of teleportation
 l - 3 scrolls of blinking
 o - a scroll of enchant armour
 y - a scroll of fear
 B - a scroll of poison
 F - a scroll of brand weapon {unknown}
Potions
 a - a potion of haste
 b - 2 potions of berserk rage
 e - a potion of cancellation {unknown}
 g - 2 potions of flight
 h - 5 potions of attraction {unknown}
 k - a potion of ambrosia
 t - 3 potions of mutation {unknown}
 v - 3 potions of curing {unknown}
 z - a potion of invisibility
 C - a potion of resistance {unknown}


   Skills:
 + Level 8.1 Fighting
 + Level 2.7 Short Blades
 + Level 10.5 Axes
 + Level 0.8 Throwing
 + Level 9.8 Armour
 + Level 3.7 Dodging
 + Level 1.0 Stealth
 + Level 4.5 Shields


You had 10 spell levels left.
You didn't know any spells.
Your spell library was empty.

Dungeon Overview and Level Annotations

Branches:
Dungeon (9/15)             Temple (0/1) D:7            Lair (0/5) D:9
    Orc (0/2) D:9

Altars:
Cheibriados
Dithmenos
Gozag
Kikubaaqudgha
Makhleb
Ru
Trog
Xom
The Shining One


Innate Abilities, Weirdness & Mutations

You are immune to sickness and miasma.
Your stone body is resilient. (AC +8)
You are immune to poison.
You resist negative energy. (rN+)
You are resistant to electric shocks. (rElec)
You are resistant to unholy torment.
You are immune to petrification.


Message History

As you read the scroll of teleportation, it crumbles to dust.
You feel strangely unstable.
The white imp disappears in a puff of smoke!
Throw: 16 darts (poison)
Press: ? - help, Q - select action, (/) - cycle Shift-Dir - straight line, f - kobold demonologist
Aim: a kobold demonologist, wielding a +0 dagger and wearing a +0 robe (severely wounded, 50% to hit)
You throw a poisoned dart.
The poisoned dart hits the kobold demonologist.
The kobold demonologist is poisoned.
The kobold demonologist is severely wounded.
The kobold demonologist gestures wildly while chanting.
The rust devil disappears in a puff of smoke!
Your surroundings suddenly seem different.
An acid dragon and a wyvern come into view.
Found a stone staircase leading down.
The acid dragon roars!
The wyvern hisses angrily.
The wyvern bites you.
* * * LOW HITPOINT WARNING * * *
The wyvern bites you but does no damage.
You hit the wyvern but do no damage. You closely miss the acid dragon.
Trog accepts your kill.
Trog appreciates your killing of a magic user.
You feel a bit more experienced. The wyvern bites you.
* * * LOW HITPOINT WARNING * * *
The acid dragon barely misses you. You block the acid dragon's attack.
The wyvern bites you!
* * * LOW HITPOINT WARNING * * *
It was a potion of brilliance.
You feel clever all of a sudden. The wyvern barely misses you.
The acid dragon barely misses you. The acid dragon closely misses you.
The wyvern bites you.
* * * LOW HITPOINT WARNING * * *
The acid dragon bites you but does no damage.
The acid dragon closely misses you.
You are confused.
You feel invigorated.
The wyvern bites you but does no damage.
The acid dragon spits acid at you. The splash of acid hits you!
You die...

# .#
########.#
#........#
###........#.
#............
#..........#
#....D.....#
#....@.....#
###..l..####
###...#
#.>...
#......
#........
#...#8###
#...###


You could see a wyvern and an acid dragon (catching breath).

Vanquished Creatures
  A two-headed ogre (D:6)
  The ghost of Morbidden the Ruffian, a novice TrGl of Cheibriados (D:6)
  Maurice (D:9)
  3 kobold demonologists (D:9)
  Psyche (D:8)
  A hornet (D:7)
  A wyvern (D:7)
  A shadow (D:9)
  A yak (D:9)
  Menkaure (D:7)
  2 steam dragons (D:9)
  3 water moccasins (D:9)
  6 orc warriors
  An ice beast (D:7)
  2 black bears (D:8)
  2 ogres (D:6)
  A phantom (D:6)
  A centaur (D:6)
  Blork the orc (D:5)
  9 bullfrogs
  3 kobold brigands
  5 scorpions
  A gnoll sergeant (D:6)
  7 wights
  9 killer bees (D:7)
  2 howler monkeys
  3 jellies
  A hound (D:4)
  13 orc priests
  5 sleepcaps
  An iguana (D:6)
  13 orc wizards
  8 adders
  2 ufetubi
  4 worms
  31 orcs
  5 bats
  6 endoplasms
  2 giant cockroaches
  5 goblins
  2 hobgoblins
  5 quokkas
  5 ball pythons
  4 frilled lizards (D:1)
  10 kobolds
  5 rats
197 creatures vanquished.

Vanquished Creatures (others)
  An orc (D:9)
  2 kobolds (D:9)
  35 fungi (D:9)
  39 plants (D:9)
77 creatures vanquished.

Grand Total: 274 creatures vanquished

Notes
Turn   | Place    | Note
-------+----------+-------------------------------------------
     0 | D:1      | Gargoyl the Gargoyle Berserker began the quest for the Orb.
     0 | D:1      | Reached XP level 1. HP: 14/14 MP: 1/1
   297 | D:1      | Reached XP level 2. HP: 19/19 MP: 2/2
   539 | D:1      | Reached skill level 3 in Axes
   781 | D:1      | Reached ** piety under Trog
  1034 | D:2      | Reached XP level 3. HP: 23/23 MP: 3/3
  1713 | D:3      | Reached skill level 1 in Short Blades
  1713 | D:3      | Reached XP level 4. HP: 22/29 MP: 4/4
  1716 | D:3      | Reached XP level 5. HP: 28/33 MP: 5/5
  1962 | D:3      | Found an opulent altar of Gozag.
  1964 | D:3      | Found a burning altar of Makhleb.
  1966 | D:3      | Found a shimmering altar of Xom.
  1971 | D:3      | Found a sacrificial altar of Ru.
  1972 | D:3      | Found a shadowy altar of Dithmenos.
  1973 | D:3      | Found a snail-covered altar of Cheibriados.
  1976 | D:3      | Found an ancient bone altar of Kikubaaqudgha.
  2246 | D:4      | Reached XP level 6. HP: 33/38 MP: 6/6
  2349 | D:4      | Reached skill level 4 in Axes
  2849 | D:4      | Reached XP level 7. HP: 43/44 MP: 7/7
  3186 | D:5      | Entered Level 5 of the Dungeon
  3424 | D:5      | Noticed Blork the orc
  3436 | D:5      | Killed Blork the orc
  3437 | D:5      | Reached skill level 5 in Axes
  3560 | D:5      | Reached *** piety under Trog
  3972 | D:5      | Reached skill level 5 in Armour
  4166 | D:6      | Reached XP level 8. HP: 48/48 MP: 8/8
  4332 | D:6      | Noticed Morbidden's ghost (novice TrGl)
  4343 | D:6      | Reached skill level 6 in Axes
  4345 | D:6      | Found a transporter.
  4347 | D:6      | Identified the +1 dire flail of Tension {drain, rPois rF+
                  | Will+ Str+2}
  4347 | D:6      | Noticed a two-headed ogre
  4349 | D:6      | Found a transporter.
  4491 | D:6      | Reached skill level 5 in Fighting
  4883 | D:6      | Reached skill level 1 in Shields
  5030 | D:6      | Killed a two-headed ogre
  5031 | D:6      | Reached skill level 7 in Axes
  5031 | D:6      | Reached XP level 9. HP: 54/54 MP: 9/9
  5034 | D:6      | Killed Morbidden's ghost
  5035 | D:6      | Reached skill level 8 in Axes
  5317 | D:7      | Noticed a hornet
  5348 | D:7      | Killed a hornet
  5349 | D:7      | Reached skill level 9 in Axes
  5409 | D:7      | Reached XP level 10. HP: 53/60 MP: 10/10
  6071 | D:7      | Found a staircase to the Ecumenical Temple.
  6073 | D:7      | Noticed Menkaure
  6085 | D:7      | Killed Menkaure
  6240 | D:7      | Found a bloodstained altar of Trog.
  6360 | D:8      | Found a glowing golden altar of the Shining One.
  6679 | D:8      | Noticed Psyche
  6689 | D:8      | Killed Psyche
  7085 | D:8      | Reached skill level 10 in Axes
  7271 | D:9      | Found a staircase to the Orcish Mines.
  7299 | D:9      | Noticed Maurice
  7313 | D:9      | Killed Maurice
  7314 | D:9      | Reached skill level 1 in Stealth
  7375 | D:9      | Reached XP level 11. HP: 68/68 MP: 11/11
  7517 | D:9      | Found a staircase to the Lair.
  7623 | D:9      | Noticed a soul eater
  7704 | D:9      | Killed from afar by an acid dragon

Illustrated notes

Levels and vault maps discovered:
D:1:      minmay_arrival_four_loops, layout_basic
D:2:      cheibrodos_old_hovel, layout_loops_ring, amcnicky_mini_pool_small
D:3:      layout_basic, minitemple
D:4:      layout_gridville
D:5:      layout_basic, dreamdust_wishing_well, uniq_blork_the_orc
D:6:      minmay_spotlight, layout_basic, serial_glass, glass_columns_a,
          glass_columns_a, gammafunk_ghost_smash
D:7:      layout_basic, lightli_temple_of_fire, minmay_temple_entry_arrows,
          uniq_menkaure
D:8:      kennysheep_ambush_hall, layout_basic, lemuel_crystal_altar,
          uniq_psyche
D:9:      layout_basic, due_lair_maze_entry_diamond, serial_corexii_hall,
          corexii_hall_statues_l, corexii_hall_statues_u, uniq_maurice

Skill      XL: |  1  2  3  4  5  6  7  8  9 10 11 |
---------------+----------------------------------+-----
Axes           | 3 4 5 7 9 10 | 10.5
Dodging        | 2 3 |  3.7
Short Blades   | 1 2 |  2.7
Armour         | 3 4 5 6 7 9 |  9.8
Fighting       | 4 5 6 7 8 |  8.1
Shields        | 1 2 3 4 |  4.5
Stealth        | 1 |  1.0
Throwing       | |  0.8

Action                     |  1- 3 |  4- 6 |  7- 9 | 10-12 || total
---------------------------+-------+-------+-------+-------++-------
  Melee: Hand axe          |    37 |    79 |   235 |   381 ||   732
         Dagger            |    96 |    45 |       |       ||   141
         Punch             |     1 |     2 |       |       ||     3
  Throw: Dart              |       |       |       |    15 ||    15
 Invoke: Berserk           |     1 |     1 |     9 |    14 ||    25
         Trog's Hand       |     1 |       |     3 |     9 ||    13
    Use: Scroll            |     3 |       |     8 |    11 ||    22
         Potion            |       |     1 |       |     4 ||     5
 Armour: Animal skin       |    19 |       |       |       ||    19
         Chain mail        |    65 |    57 |       |       ||   122
         Plate armour      |       |    51 |   148 |   356 ||   555
  Dodge: Dodged            |    73 |    55 |    59 |   145 ||   332
  Block: Buckler           |       |     4 |    25 |    98 ||   127

Table legend: (Time is in decaauts)
 A = Elapsed time spent in this place.
 B = Non-inter-level travel time spent in this place.
 C = Inter-level travel time spent in this place.
 D = Time resting spent in this place.
 E = Time spent auto-exploring this place.
 F = Levels seen in this place.
 G = Mean time per level.
                   A        B        C        D        E       F      G
               +--------+--------+--------+--------+--------+-----+--------+
         Total |   7864 |   7585 |    279 |    202 |   5414 |   9 |  873.8 |
       Dungeon |   7864 |   7585 |    279 |    202 |   5414 |   9 |  873.8 |
               +--------+--------+--------+--------+--------+-----+--------+

Top non-repeatable levels by time:
     D:7: 1274 daAuts
     D:4: 1038 daAuts
     D:1: 985 daAuts
     D:8: 980 daAuts
     D:6: 975 daAuts
     D:5: 971 daAuts
     D:2: 652 daAuts
     D:3: 554 daAuts
     D:9: 432 daAuts
